 Dungeon Crawl Stone Soup version 0.31-a0-115-g4708a659fe (webtiles) character file.

Game seed: 2549213299229142683

69 mopl the Magician (level 4, 0/27 HPs)
             Began as an Octopode Hedge Wizard on May 29, 2023.
             Was an Initiate of Vehumet.
             Succumbed to an adder's poison
             ... on level 3 of the Dungeon.
             The game lasted 00:02:10 (1299 turns).

mopl the Magician (Octopode Hedge Wizard)           Turns: 1299, Time: 00:02:10

Health: 0/27       AC:  1    Str:  9    XL:     4   Next: 20%
Magic:  9/9        EV: 13    Int: 18    God:    Vehumet [......]
Gold:   181        SH:  0    Dex: 11    Spells: 4/10 levels left

rFire   . . .        a - +0 dagger
rCold   . . .        (no shield)
rNeg    . . .        b - +0 hat
rPois   .            h - amulet of magic regeneration
rElec   .            (no ring)
rCorr   .            (no ring)
SInv    .            (no ring)
Will    .....        (no ring)
Stlth   +++          (no ring)
HPRegen 0.24/turn    (no ring)
MPRegen 0.51/turn    (no ring)
                     (no ring)

%: no passive effects
@: lethally poisoned (0 -> -2)
A: almost no armour, amphibious, 8 rings, camouflage 1, gelatinous body 1,
(nimble swimmer 1), tentacles
a: Renounce Religion


You were on level 3 of the Dungeon.
You worshipped Vehumet.
Vehumet was noncommittal.
You visited 1 branch of the dungeon, and saw 3 of its levels.

You collected 181 gold pieces.

Inventory:

Hand Weapons
 a - a +0 dagger (weapon)
Missiles
 g - 2 curare-tipped darts
Armour
 b - a +0 hat (worn)
Jewellery
 h - an amulet of magic regeneration (around mantle)
Scrolls
 d - 3 scrolls of identify {unknown}
 i - 2 scrolls of noise {unknown}
 l - a scroll of amnesia {unknown}
 n - a scroll of fear {unknown}
Potions
 c - a potion of magic
 e - a potion of berserk rage {unknown}
 f - a potion of invisibility {unknown}
 j - a potion of attraction {unknown}
 k - a potion of mutation {unknown}
 m - a potion of curing {unknown}


   Skills:
 - Level 2.0 Dodging
 - Level 2.6 Stealth
 + Level 3.6 Spellcasting
 + Level 2.2 Conjurations
 - Level 1.0 Summonings
 + Level 2.2 Translocations
 + Level 0.3 Poison Magic


You had 4 spell levels left.
You knew the following spells:

 Your Spells              Type           Power      Damage    Failure   Level
a - Magic Dart            Conj           44%        1d5       6%          1
b - Mephitic Cloud        Conj/Pois/Air  6%         N/A       32%         3
e - Blink                 Tloc           22%        N/A       9%          2

Your spell library contained the following spells:

 Spells                   Type           Power      Damage    Failure   Level
 Apportation              Tloc           22%        N/A       6%          1
 Summon Small Mammal      Summ           24%        N/A       10%         1
 Necrotise                Necr           12%        1d4       16%         1
 Slow                     Hex            12%        N/A       16%         1
 Call Imp                 Summ           12%        N/A       16%         2
 Cigotuvi's Dreadful Rot  Necr/Pois/Air  6%         N/A       22%         2


Dungeon Overview and Level Annotations

Branches:
Dungeon (3/15)

Altars:
Vehumet


Innate Abilities, Weirdness & Mutations

You cannot wear most types of armour.
You are amphibious.
You can wear up to eight rings at the same time.
Your skin changes colour to match your surroundings (Stealth+).
Your rubbery body absorbs attacks. (AC +1, EV +1)
((You are camouflaged when in or above water. (Stealth+)))
You have tentacles for arms and can constrict up to eight enemies at once.


Message History

The hobgoblin hits you.
You hit the hobgoblin but do no damage.
The hobgoblin is heavily wounded.
You constrict the hobgoblin, but do no damage.
The hobgoblin hits you.
You hit the hobgoblin.
The hobgoblin is heavily wounded.
You constrict the hobgoblin. The hobgoblin hits you.
You hit the hobgoblin.
You kill the hobgoblin!
Vehumet accepts your kill. The adder bites you.
You are poisoned.
The adder poisons you!
You closely miss the adder. Your grab misses the adder.
You feel sick. The adder bites you.
You hit the adder. Your grab misses the adder.
The adder is moderately wounded.
You hear the slow rusting of a very distant drain.
You feel sick. The adder barely misses you.
You hit the adder. Your grab misses the adder. Your squeeze misses the adder.
The adder is severely wounded.
You feel sick. The adder barely misses you. The adder closely misses you.
The orc drinks a potion.
The orc seems to grow stronger.
You barely miss the adder. Your grab misses the adder.
The adder is severely wounded.
You feel sick. The adder bites you.
You are more poisoned.
The adder poisons you!
You hit the adder. You grab the adder.
The adder is almost dead.
You constrict the adder.
You kill the adder!
Vehumet accepts your kill.
You feel sick.
You feel sick.
There is a radiant altar of Vehumet here.
The orc attacks as you move away! The orc hits you with a +0 mace!
* * * LOW HITPOINT WARNING * * *
You die...

#.###.# #########.....#
#.............###
#...≈≈≈≈≈≈≈≈≈...
#...≈.......≈.#####
....≈.§≈≈≈§.≈...... ##
#..≈.≈...≈........ <#
.## #..≈.≈@_o†.≈......
.#
...#..≈.≈...§.≈......
.#
###.#..≈.§≈≈≈§.≈......
.#
#.......≈.......≈......
.#
#.##.#..≈≈≈≈≈≈≈≈≈......
.#
#.##..>...........###..
.#
#.##.#...######.##..# .
.# #.#......# #.# ....
.#####.#.##.#.# #.#
....#


You could see an orc (strong).

Vanquished Creatures
  4 adders
  A worm (D:2)
  2 dart slugs (D:1)
  An endoplasm (D:1)
  2 giant cockroaches (D:2)
  2 goblins (D:1)
  3 hobgoblins
  2 quokkas
  4 ball pythons
  4 bats
  2 frilled lizards (D:2)
  3 kobolds
30 creatures vanquished.

Notes
Turn   | Place    | Note
-------+----------+-------------------------------------------
     0 | D:1      | mopl the Octopode Hedge Wizard began the quest for the Orb.
     0 | D:1      | Reached XP level 1. HP: 11/11 MP: 4/4
    78 | D:1      | Reached XP level 2. HP: 16/17 MP: 6/6
   122 | D:1      | Learned a level 2 spell: Blink
   542 | D:2      | Reached XP level 3. HP: 18/21 MP: 7/7
   591 | D:2      | Reached skill level 2 in Translocations
   604 | D:2      | Reached skill level 2 in Conjurations
  1255 | D:3      | Reached XP level 4. HP: 27/27 MP: 7/9
  1259 | D:3      | Learned a level 3 spell: Mephitic Cloud
  1271 | D:3      | Found a radiant altar of Vehumet.
  1286 | D:3      | Became a worshipper of Vehumet
  1299 | D:3      | HP: 1/27 [orc/+0 mace (8)]
  1299 | D:3      | Succumbed to an adder's poison

Illustrated notes

Levels and vault maps discovered:
D:1:      elethiomel_arrival_shortcut, layout_rooms
D:2:      layout_loops_ring
D:3:      layout_basic, lemuel_coloured_pillars_altar,
          mainiacjoe_overflow_concentric_impassable,
          chequers_ecumenical_altar_island, portal_sewer_entry_d, uniq_sigmund

Skill      XL: |  1  2  3 |
---------------+----------+-----
Translocations | 2 |  2.2
Conjurations   | 2 |  2.2
Dodging        | |  2.0
Stealth        | |  2.6
Spellcasting   | |  3.6
Summonings     | |  1.0
Poison Magic   | |  0.3

Action                     |  1- 3 |  4- 6 || total
---------------------------+-------+-------++-------
  Melee: Dagger            |    31 |    10 ||    41
         Tentacles         |     7 |     1 ||     8
         Constrict         |     8 |     2 ||    10
   Cast: Magic Dart        |    56 |       ||    56
   Stab: Sleeping          |     3 |       ||     3
 Armour: Skin              |     3 |       ||     3
  Dodge: Dodged            |    27 |     3 ||    30

Table legend: (Time is in decaauts)
 A = Elapsed time spent in this place.
 B = Non-inter-level travel time spent in this place.
 C = Inter-level travel time spent in this place.
 D = Time resting spent in this place.
 E = Time spent auto-exploring this place.
 F = Levels seen in this place.
 G = Mean time per level.
                   A        B        C        D        E       F      G
               +--------+--------+--------+--------+--------+-----+--------+
         Total |   1298 |   1220 |     78 |      7 |    970 |   3 |  432.7 |
       Dungeon |   1298 |   1220 |     78 |      7 |    970 |   3 |  432.7 |
               +--------+--------+--------+--------+--------+-----+--------+

Top non-repeatable levels by time:
     D:2: 738 daAuts
     D:1: 505 daAuts
     D:3: 54 daAuts
